3A
YORK REVOLUTION @ CONNETQUOT CHIEFS
07/27/2028
 
TOP OF THE 1ST
York Revolution batting - Pitching for Connetquot Chiefs : LHP Jamey Crockett
Pitching: LHP Jamey Crockett
Batting: RHB William Rimmer 0-0: Ball
1-0: Foul Ball, location: 2F
1-1: Ball
2-1: Foul Ball, location: 2F
2-2: Strikes out swinging
Batting: RHB Ernesto Deleón 0-0: Ground out 6-3 (Groundball, 6)
Batting: RHB Ángelo Díaz 0-0: DOUBLE (Line Drive, 7LM)
Batting: RHB Ronald Comejo 0-0: SINGLE (Line Drive, 34)
Ángelo Díaz to third
Runner from 3rd tries for Home, SAFE, no throw
Batting: RHB Kasper Schuilenberg 0-0: Called Strike
0-1: Swinging Strike
0-2: Ball
1-2: Strikes out swinging
Top of the 1st over - 1 run(s), 2 hit(s), 0 error(s), 1 left on base; York 1 - Connetquot 0
BOTTOM OF THE 1ST
Connetquot Chiefs batting - Pitching for York Revolution : LHP Rodney Spurr
Pitching: LHP Rodney Spurr
Batting: RHB Felipe Córdova 0-0: Ball
1-0: Ball
2-0: Ball
3-0: Called Strike
3-1: Foul Ball, location: 2F
3-2: Foul Ball, location: 2F
3-2: Ground out 1-3 (Groundball, 13S)
Batting: RHB Jesús Jaramillo 0-0: Called Strike
0-1: Foul Ball, location: 2F
0-2: Strikes out swinging
Batting: RHB Dan Chrzan 0-0: Called Strike
0-1: Called Strike
0-2: Ball
1-2: Foul Ball, location: 2F
1-2: Ball
2-2: Strikes out swinging
Bottom of the 1st over - 0 run(s), 0 hit(s), 0 error(s), 0 left on base; York 1 - Connetquot 0
TOP OF THE 2ND
York Revolution batting - Pitching for Connetquot Chiefs : LHP Jamey Crockett
Batting: SHB Jeff Lowe 0-0: Ball
1-0: Foul Ball, location: 2F
1-1: Foul Ball, location: 2F
1-2: Strikes out looking
Batting: LHB Joe Ellison 0-0: Ball
1-0: Called Strike
1-1: Called Strike
1-2: Strikes out swinging, 2-3 out at first.
Batting: LHB Gong Mao 0-0: Ball
1-0: Ball
2-0: Called Strike
2-1: Ball
3-1: Foul Ball, location: 2F
3-2: Base on Balls
Batting: RHB Louis Teague 0-0: Ball
1-0: Foul Ball, location: 2F
1-1: Fly out, F9 (Flyball, 89M)
Top of the 2nd over - 0 run(s), 0 hit(s), 0 error(s), 1 left on base; York 1 - Connetquot 0
BOTTOM OF THE 2ND
Connetquot Chiefs batting - Pitching for York Revolution : LHP Rodney Spurr
Batting: RHB Ricardo Pulido 0-0: Ball
1-0: Ground out 5-3 (Groundball, 56S)
Batting: RHB Enrique García 0-0: Ball
1-0: Ball
2-0: Foul Ball, location: 2F
2-1: Called Strike
2-2: Ball
3-2: Foul Ball, location: 2F
3-2: Base on Balls
Batting: RHB Steve Orwig 0-0: Called Strike
0-1: Called Strike
0-2: Strikes out swinging
Batting: RHB Cristián Ramírez 0-0: Ball
1-0: 2-RUN HOME RUN (Flyball, 7D), Distance : 412 ft
Batting: LHB Travis Grigor 0-0: Ball
1-0: Fly out, F8 (Line Drive, 8LM)
Bottom of the 2nd over - 2 run(s), 1 hit(s), 0 error(s), 0 left on base; York 1 - Connetquot 2
TOP OF THE 3RD
York Revolution batting - Pitching for Connetquot Chiefs : LHP Jamey Crockett
Batting: RHB William Rimmer 0-0: Called Strike
0-1: Foul Ball, location: 2F
0-2: DOUBLE (Groundball, 5L)
Batting: RHB Ernesto Deleón 0-0: Called Strike
0-1: Fly out, F8 (Flyball, 8RD)
Runner from 2nd tags up, SAFE at 3rd, no throw
Batting: RHB Ángelo Díaz 0-0: Called Strike
0-1: Swinging Strike
0-2: Strikes out swinging
Batting: RHB Ronald Comejo 0-0: Ball
1-0: Ball
2-0: 2-RUN HOME RUN (Flyball, 78XD), Distance : 442 ft
Batting: RHB Kasper Schuilenberg 0-0: SINGLE (Line Drive, 8LS)
Batting: SHB Jeff Lowe 0-0: Foul Ball, location: 2F
0-1: Foul Ball, location: 2F
0-2: Fielders Choice at 2nd, 5-4 (Groundball, 56)
Top of the 3rd over - 2 run(s), 3 hit(s), 0 error(s), 0 left on base; York 3 - Connetquot 2
BOTTOM OF THE 3RD
Connetquot Chiefs batting - Pitching for York Revolution : LHP Rodney Spurr
Batting: RHB Louie Trimboli 0-0: Ball
1-0: Bunt for hit - play at first, batter OUT! 3-4
Batting: RHB Felipe Córdova 0-0: Called Strike
0-1: Swinging Strike
0-2: Strikes out swinging
Batting: RHB Jesús Jaramillo 0-0: Foul Ball, location: 2F
0-1: Fly out, F4 (Line Drive, 4)
Bottom of the 3rd over - 0 run(s), 0 hit(s), 0 error(s), 0 left on base; York 3 - Connetquot 2
TOP OF THE 4TH
York Revolution batting - Pitching for Connetquot Chiefs : LHP Jamey Crockett
Batting: LHB Joe Ellison 0-0: Ball
1-0: Ground out 6-3 (Groundball, 6)
Batting: LHB Gong Mao 0-0: Called Strike
0-1: Called Strike
0-2: Foul Ball, location: 2F
0-2: Strikes out swinging
Batting: RHB Louis Teague 0-0: Foul Ball, location: 2F
0-1: Foul Ball, location: 2F
0-2: Ball
1-2: Foul Ball, location: 2F
1-2: Fly out, F8 (Flyball, 8RM)
Top of the 4th over - 0 run(s), 0 hit(s), 0 error(s), 0 left on base; York 3 - Connetquot 2
BOTTOM OF THE 4TH
Connetquot Chiefs batting - Pitching for York Revolution : LHP Rodney Spurr
Batting: RHB Dan Chrzan 0-0: Called Strike
0-1: Fly out, F5 (Popup, 5L)
Batting: RHB Ricardo Pulido 0-0: Called Strike
0-1: Ball
1-1: Ball
2-1: Called Strike
2-2: Strikes out swinging
Batting: RHB Enrique García 0-0: Ball
1-0: Ball
2-0: Swinging Strike
2-1: Ball
3-1: Base on Balls
Batting: RHB Steve Orwig 0-0: Foul Ball, location: 2F
0-1: Called Strike
0-2: Ball
1-2: Fly out, F8 (Flyball, 8LM)
Bottom of the 4th over - 0 run(s), 0 hit(s), 0 error(s), 1 left on base; York 3 - Connetquot 2
TOP OF THE 5TH
York Revolution batting - Pitching for Connetquot Chiefs : LHP Jamey Crockett
Batting: RHB William Rimmer 0-0: Swinging Strike
0-1: Ground out 1-3 (Groundball, 13S)
Batting: RHB Ernesto Deleón 0-0: Ball
1-0: Fly out, F8 (Flyball, 8RM)
Batting: RHB Ángelo Díaz 0-0: Called Strike
0-1: Ball
1-1: Ball
2-1: Ball
3-1: Foul Ball, location: 2F
3-2: Foul Ball, location: 2F
3-2: Single, Error in OF, E7, batter to second base
Batting: RHB Ronald Comejo 0-0: Ball
1-0: Called Strike
1-1: Foul Ball, location: 2F
1-2: Fly out, F6 (Line Drive, 6)
Top of the 5th over - 0 run(s), 1 hit(s), 1 error(s), 1 left on base; York 3 - Connetquot 2
BOTTOM OF THE 5TH
Connetquot Chiefs batting - Pitching for York Revolution : LHP Rodney Spurr
Batting: RHB Cristián Ramírez 0-0: Ball
1-0: Ball
2-0: Ball
3-0: Called Strike
3-1: Called Strike
3-2: Strikes out swinging
Batting: LHB Travis Grigor 0-0: Fly out, F4 (Line Drive, 4)
Batting: RHB Louie Trimboli 0-0: Ball
1-0: Ball
2-0: Ball
3-0: Swinging Strike
3-1: Base on Balls
Batting: RHB Felipe Córdova 0-0: Ball
Louie Trimboli is caught stealing 2nd base
Bottom of the 5th over - 0 run(s), 0 hit(s), 0 error(s), 0 left on base; York 3 - Connetquot 2
TOP OF THE 6TH
York Revolution batting - Pitching for Connetquot Chiefs : LHP Jamey Crockett
Batting: RHB Kasper Schuilenberg 0-0: Ball
1-0: Foul Ball, location: 2F
1-1: DOUBLE (Flyball, 8RD)
Batting: SHB Jeff Lowe 0-0: Called Strike
0-1: Swinging Strike
0-2: Ball
1-2: Hit by Pitch
Batting: LHB Joe Ellison 0-0: Bunted foul
0-1: Bunt missed!
0-2: Ball
1-2: Foul Ball, location: 2F
1-2: Foul Ball, location: 2F
1-2: Foul Ball, location: 2F
1-2: Foul Ball, location: 2F
1-2: Fly out, F7 (Flyball, 7S)
Batting: LHB Gong Mao 0-0: SINGLE (Line Drive, 89S)
Kasper Schuilenberg to third
Jeff Lowe to second
Batting: RHB Louis Teague 0-0: Ball
1-0: Ball
2-0: SINGLE (Flyball, 78M)
Kasper Schuilenberg scores
Jeff Lowe to third
Gong Mao to second
Batting: RHB William Rimmer 0-0: Ball
1-0: Fly out, F4 (Popup, 4M)
Batting: RHB Ernesto Deleón 0-0: Called Strike
0-1: Fly out, F8 (Line Drive, 78M)
Top of the 6th over - 1 run(s), 3 hit(s), 0 error(s), 3 left on base; York 4 - Connetquot 2
BOTTOM OF THE 6TH
Connetquot Chiefs batting - Pitching for York Revolution : LHP Rodney Spurr
Batting: RHB Felipe Córdova 0-0: Foul Ball, location: 2F
0-1: Swinging Strike
0-2: Foul Ball, location: 2F
0-2: Strikes out swinging
Batting: RHB Jesús Jaramillo 0-0: Ball
1-0: Ground out 6-3 (Groundball, 6)
Batting: RHB Dan Chrzan 0-0: Ball
1-0: Ball
2-0: Ball
3-0: Called Strike
3-1: Foul Ball, location: 2F
3-2: Fly out, F8 (Flyball, 89D)
Bottom of the 6th over - 0 run(s), 0 hit(s), 0 error(s), 0 left on base; York 4 - Connetquot 2
TOP OF THE 7TH
York Revolution batting - Pitching for Connetquot Chiefs : LHP Jamey Crockett
Batting: RHB Ángelo Díaz 0-0: Ball
1-0: Ball
2-0: Called Strike
2-1: Foul Ball, location: 2F
2-2: Ball
3-2: Strikes out swinging
Batting: RHB Ronald Comejo 0-0: Ball
1-0: Ball
2-0: Ground out 4-3 (Groundball, 4)
Batting: RHB Kasper Schuilenberg 0-0: Called Strike
0-1: Called Strike
0-2: Fly out, F9 (Flyball, 89M)
Top of the 7th over - 0 run(s), 0 hit(s), 0 error(s), 0 left on base; York 4 - Connetquot 2
BOTTOM OF THE 7TH
Connetquot Chiefs batting - Pitching for York Revolution : LHP Rodney Spurr
Batting: RHB Ricardo Pulido 0-0: DOUBLE (Flyball, 89XD)
Batting: RHB Enrique García 0-0: Ball
1-0: Foul Ball, location: 2F
1-1: Foul Ball, location: 2F
1-2: Ball
2-2: Ball
3-2: Strikes out swinging
Batting: RHB Steve Orwig 0-0: Ball
1-0: Called Strike
1-1: Ball
2-1: Foul Ball, location: 2F
2-2: Ball
3-2: Ground out 6-3 (Groundball, 6S)
Ricardo Pulido to third
Batting: RHB Cristián Ramírez 0-0: Swinging Strike
0-1: Ball
1-1: Ball
2-1: Ball
3-1: Ground out 3-1 (Groundball, 2R)
Bottom of the 7th over - 0 run(s), 1 hit(s), 0 error(s), 1 left on base; York 4 - Connetquot 2
TOP OF THE 8TH
York Revolution batting - Pitching for Connetquot Chiefs : LHP Jamey Crockett
Batting: SHB Jeff Lowe 0-0: Foul Ball, location: 2F
0-1: Foul Ball, location: 2F
0-2: Ball
1-2: Strikes out swinging
Batting: LHB Joe Ellison 0-0: Swinging Strike
0-1: Foul Ball, location: 2F
0-2: Ball
1-2: Strikes out looking
Batting: LHB Gong Mao 0-0: Ball
1-0: SINGLE (Groundball, 4) (infield hit)
Pitching: RHP Francisco Sánchez
Batting: RHB Louis Teague 0-0: Called Strike
0-1: SINGLE (Groundball, 6MD)
Gong Mao to second
Pinch Hitting: RHB Cristóbal Covarrubiois 0-0: Called Strike
0-1: Ball
1-1: Ball
2-1: Ball
3-1: Fly out, F8 (Flyball, 8RM)
Top of the 8th over - 0 run(s), 2 hit(s), 0 error(s), 2 left on base; York 4 - Connetquot 2
BOTTOM OF THE 8TH
Connetquot Chiefs batting - Pitching for York Revolution : LHP Rodney Spurr
Now in LF: Pete Pritchard
Batting: LHB Travis Grigor 0-0: Called Strike
0-1: Foul Ball, location: 2F
0-2: Ball
1-2: Strikes out swinging
Batting: RHB Louie Trimboli 0-0: Ball
1-0: Fly out, F4 (Line Drive, 4)
Batting: RHB Felipe Córdova 0-0: Called Strike
0-1: Ball
1-1: Fly out, F2 (Popup, 34S)
Bottom of the 8th over - 0 run(s), 0 hit(s), 0 error(s), 0 left on base; York 4 - Connetquot 2
TOP OF THE 9TH
York Revolution batting - Pitching for Connetquot Chiefs : RHP Francisco Sánchez
Batting: RHB Ernesto Deleón 0-0: Ground out 6-3 (Groundball, 6)
Batting: RHB Ángelo Díaz 0-0: Called Strike
0-1: Foul Ball, location: 2F
0-2: Ball
1-2: Ball
2-2: Strikes out looking
Batting: RHB Ronald Comejo 0-0: SINGLE (Line Drive, 78S)
Batting: RHB Kasper Schuilenberg 0-0: Called Strike
0-1: Called Strike
Throwing error on steal attempt, E2
Ronald Comejo to third
0-2: Ball
1-2: Strikes out looking
Top of the 9th over - 0 run(s), 1 hit(s), 1 error(s), 1 left on base; York 4 - Connetquot 2
BOTTOM OF THE 9TH
Connetquot Chiefs batting - Pitching for York Revolution : LHP Rodney Spurr
Pitching: RHP Edward Ayers
Batting: RHB Jesús Jaramillo 0-0: Ball
1-0: Ball
2-0: Ball
3-0: Called Strike
3-1: SINGLE (Groundball, 56) (infield hit)
Batting: RHB Dan Chrzan 0-0: Ball
1-0: Foul Ball, location: 2F
1-1: Foul Ball, location: 2F
Balk!
Jesús Jaramillo to second
1-2: Ball
2-2: Strikes out swinging
Pinch Hitting: RHB Peter Geib 0-0: Ball
1-0: Ball
2-0: Ball
3-0: Called Strike
3-1: Base on Balls
Pinch Hitting: RHB Carlos Flores 0-0: Called Strike
0-1: Ball
1-1: Foul Ball, location: 2F
1-2: Strikes out swinging
Batting: RHB Steve Orwig 0-0: Foul Ball, location: 2F
0-1: Foul Ball, location: 2F
0-2: Ball
1-2: Foul Ball, location: 2F
1-2: Fly out, F7 (Line Drive, 78XD)
Bottom of the 9th over - 0 run(s), 1 hit(s), 0 error(s), 2 left on base; York 4 - Connetquot 2
Friday, August 18th, 2017 - OOTP Baseball 17.12 Build 75